 Dungeon Crawl Stone Soup version 0.32-a0-39-g5c88369fb2 (webtiles) character file.

Game seed: 10544100563867776018

2457 LDflipp the Cleaver (level 9, -1/79 HPs)
             Began as a Minotaur Chaos Knight on Feb 2, 2024.
             Was a Plaything of Xom.
             Slain by Gastronok the golden dragon (6 damage)
             ... on level 8 of the Dungeon.
             The game lasted 00:15:25 (6118 turns).

LDflipp the Cleaver (Minotaur Chaos Knight)         Turns: 6118, Time: 00:15:27

Health: -1/79      AC: 10    Str: 24    XL:     9   Next: 26%
Magic:  8/8        EV: 10    Int:  7    God:    Xom [...*..]
Gold:   139        SH:  5    Dex: 19    Spells: 8/8 levels left

rFire   + + .        a - +0 hand axe (chaos)
rCold   . . .        (no shield)
rNeg    . . .        u - +0 scale mail
rPois   .            (helmet unavailable)
rElec   .            (no cloak)
rCorr   .            (no gloves)
SInv    .            h - +1 pair of boots
Will    .....        q - amulet of reflection Stlth
                     d - +6 ring of dexterity
HPRegen 0.33/turn    i - ring of protection from fire
MPRegen 0.11/turn

%: reflection
@: no status effects
A: horns 3, retaliatory headbutt, hooves 1, agile 1, fire resistance 1, strong 1
a: Renounce Religion


You were on level 8 of the Dungeon.
You worshipped Xom.
You were a favourite toy of Xom.
You visited 1 branch of the dungeon, and saw 8 of its levels.

You collected 301 gold pieces.
You spent 162 gold pieces at shops.

Inventory:

Hand Weapons
 a - a +0 hand axe of chaos (weapon)
 b - a +0 hand cannon of draining
 g - a +0 war axe
 v - a +0 war axe
 x - a +0 longbow
 y - a +0 shortbow
 A - a +0 orcbow
Missiles
 p - 3 javelins (quivered)
 z - a throwing net
Armour
 e - a +2 leather armour
 h - a +1 pair of boots (worn)
 j - a +0 ring mail
 u - a +0 scale mail (worn)
 w - a +0 kite shield
Jewellery
 d - a +6 ring of dexterity (left hand)
 i - a ring of protection from fire (right hand)
 k - an amulet of the acrobat
 q - an amulet of reflection (around neck)
Wands
 s - a wand of mindburst (14)
 t - a wand of flame (42)
Scrolls
 c - 3 scrolls of butterflies
 f - 5 scrolls of fear {unknown}
 l - 4 scrolls of teleportation {unknown}
 m - a scroll of fog {unknown}
 n - 3 scrolls of enchant armour {unknown}
 r - 5 scrolls of identify {unknown}
Potions
 o - a potion of curing
 B - a potion of degeneration
 C - a potion of attraction {unknown}
 D - a potion of cancellation {unknown}


   Skills:
 + Level 7.3 Fighting
 * Level 9.6 Axes
 + Level 4.5 Ranged Weapons
 + Level 6.6 Armour
 - Level 1.1 Dodging
 + Level 5.4 Unarmed Combat


You had 8 spell levels left.
You didn't know any spells.
Your spell library contained the following spells:

 Spells                   Type           Power      Damage    Failure   Level
 Apportation              Tloc           0%         N/A       71%         1
 Magic Dart               Conj           0%         1d3       71%         1
 Necrotise                Necr           0%         1d4       71%         1
 Sting                    Conj/Alch      0%         1d3       71%         1
 Summon Small Mammal      Summ           0%         N/A       71%         1
 Blink                    Tloc           0%         N/A       83%         2
 Call Imp                 Summ           0%         N/A       83%         2
 Inner Flame              Hex/Fire       0%         N/A       97%         3
 Irradiate                Conj/Alch      0%         3d11      100%        5
 Ignition                 Fire           0%         3d3       100%        8


Dungeon Overview and Level Annotations

Branches:
Dungeon (8/15)             Temple (0/1) D:4
   Lair: D:8-11

Altars:
Ru
Vehumet
Xom
Yredelemnul
Zin
The Shining One

Shops:
D:5 (

Annotations:
D:8 Gastronok


Innate Abilities, Weirdness & Mutations

You have a pair of large horns on your head.
You reflexively headbutt those who attack you in melee.
You have large cloven feet.
You are agile. (Dex +4, Str/Int -1)
Your flesh is heat resistant. (rF+)
Your muscles are strong. (Str +4, Int/Dex -1)


Message History

Gastronok bites you!
You hit Gastronok.
Gastronok seems to grow stronger.
Gastronok is moderately wounded.
You hit Gastronok but do no damage. You headbutt Gastronok!
Gastronok is heavily wounded.
Gastronok's magic is no longer disrupted.
You hit Gastronok.
Gastronok evaporates and reforms as a golden dragon!
You headbutt Gastronok, but do no damage.
Gastronok is heavily wounded.
You hit Gastronok but do no damage.
The acid corrodes Gastronok!
You headbutt Gastronok!
Gastronok is severely wounded.
Gastronok bites you!! Gastronok claws you but does no damage.
Gastronok closely misses you.
You hit Gastronok.
Gastronok is severely wounded.
Gastronok bites you but does no damage. Gastronok claws you but does no damage.
Gastronok tramples you!
You stumble backwards!
You completely miss Gastronok.
Gastronok is severely wounded.
Gastronok bites you. Gastronok completely misses you. Gastronok tramples you.
You stumble backwards!
You hit Gastronok. You drain Gastronok.
Gastronok is severely wounded.
Gastronok breathes cold at you. The bolt of cold hits you!!
You die... "Oh, no, you don't!"
Xom revives you!
You hit Gastronok.
Gastronok is almost dead.
You closely miss Gastronok.
Gastronok is almost dead.
Your cleaving frenzy subsides.
Gastronok bites you!
* * * LOW HITPOINT WARNING * * *
Gastronok claws you.
You die...
Xom chuckles heartily!

..........#............
###########.###.<......
#######.###.#######
#...........#
#######.###.# #.# #.#
#.# #.# #.# #.######
#.###.@D.[.#
#.....####.# #####.# #
#.# #.# #.. ###


You could see Gastronok the golden dragon (catching breath, corroded, drained).

Vanquished Creatures
  3 yaks (D:7)
  Menkaure (D:4)
  A water moccasin (D:7)
  Duvessa (D:6)
  2 ice beasts (D:7)
  3 ogres
  2 centaurs
  2 phantoms
  2 bullfrogs (D:7)
  A scorpion (D:7)
  Dowan (D:6)
  A bombardier beetle (D:6)
  A jelly (D:5)
  8 orc priests
  2 hounds (D:6)
  Jessica (D:2)
  A sleepcap (D:5)
  2 orc wizards (D:7)
  7 gnolls
  5 adders
  A shadow imp (D:7)
  A white imp (D:5)
  A ribbon worm (D:4)
  2 dart slugs
  34 orcs
  8 endoplasms
  4 giant cockroaches
  10 goblins
  5 hobgoblins
  3 jackals (D:4)
  7 kobolds
  5 quokkas
  3 training dummies (D:5)
  6 ball pythons
  4 bats
  3 frilled lizards
  8 rats
152 creatures vanquished.

Vanquished Creatures (collateral kills)
  A ribbon worm (D:2)
  An orc (D:5)
2 creatures vanquished.

Vanquished Creatures (others)
  A rat zombie (D:2)
1 creature vanquished.

Grand Total: 155 creatures vanquished

Notes
Turn   | Place    | Note
-------+----------+-------------------------------------------
     0 | D:1      | LDflipp the Minotaur Chaos Knight began the quest for the
                  | Orb.
     0 | D:1      | Reached XP level 1. HP: 19/19 MP: 0/0
   150 | D:1      | XOM: silly message
   155 | D:1      | Reached XP level 2. HP: 25/27 MP: 1/1
   385 | D:1      | Reached skill level 4 in Axes
   608 | D:1      | Found a faded altar of an unknown god.
   955 | D:2      | Reached skill level 1 in Unarmed Combat
   956 | D:2      | XOM: noise
  1015 | D:2      | Reached XP level 3. HP: 33/33 MP: 2/2
  1159 | D:2      | Noticed Jessica
  1163 | D:2      | Killed Jessica
  1164 | D:2      | Reached XP level 4. HP: 40/40 MP: 3/3
  1470 | D:2      | XOM: silly message
  1681 | D:3      | XOM: 7-stop teleportation journey
  1709 | D:3      | XOM: silly message
  1753 | D:3      | Found a basalt altar of Yredelemnul.
  1780 | D:3      | Found a radiant altar of Vehumet.
  2153 | D:3      | Reached skill level 5 in Axes
  2261 | D:3      | XOM: summons 3 hostile demons
  2451 | D:4      | Noticed Menkaure
  2467 | D:4      | Reached XP level 5. HP: 14/47 MP: 4/4
  2480 | D:4      | Killed Menkaure
  2481 | D:4      | Reached XP level 6. HP: 10/55 MP: 5/5
  2733 | D:4      | Reached skill level 5 in Fighting
  2740 | D:4      | XOM: fog
  2741 | D:4      | Reached skill level 6 in Axes
  2783 | D:4      | Found a staircase to the Ecumenical Temple.
  2951 | D:5      | Entered Level 5 of the Dungeon
  2961 | D:5      | XOM: blink monster(s)
  3024 | D:5      | XOM: blink monster(s)
  3037 | D:5      | Reached skill level 1 in Ranged Weapons
  3094 | D:5      | XOM: cloud trail
  3168 | D:5      | XOM: potion effect (curing)
  3171 | D:5      | Reached XP level 7. HP: 61/61 MP: 6/6
  3217 | D:5      | XOM: scenery: create altars
  3247 | D:5      | XOM: confusion
  3254 | D:5      | XOM: summons friendly ufetubus
  3261 | D:5      | Reached skill level 7 in Axes
  3611 | D:5      | Reached skill level 5 in Armour
  3645 | D:5      | XOM: scenery: 1 doors open
  3838 | D:5      | XOM: 1-stop teleportation journey
  3894 | D:5      | Found Gipnue's Firing Range.
  3899 | D:5      | Bought a +0 longbow for 71 gold pieces
  3899 | D:5      | Bought a +0 hand cannon of draining for 91 gold pieces
  3927 | D:5      | Found a glowing golden altar of the Shining One.
  3960 | D:5      | XOM: give mutations
  3960 | D:5      | Gained mutation: Your flesh is heat resistant. (rF+) [Xom's
                  | grace]
  3960 | D:5      | Gained mutation: Your muscles are strong. (Str +4, Int/Dex
                  | -1) [Xom's grace]
  3960 | D:5      | Gained mutation: You are agile. (Dex +4, Str/Int -1) [Xom's
                  | grace]
  3960 | D:5      | Gained mutation: You have a pair of large horns on your
                  | head. [Xom's grace]
  4069 | D:6      | XOM: stealth player
  4069 | D:6      | XOM: 4-stop teleportation journey
  4085 | D:6      | Reached XP level 8. HP: 64/70 MP: 7/7
  4251 | D:6      | XOM: noise
  4424 | D:6      | Reached skill level 8 in Axes
  4522 | D:6      | Noticed Duvessa
  4523 | D:6      | XOM: chaos upgrade
  4523 | D:6      | Noticed Dowan
  4532 | D:6      | Killed Duvessa
  4534 | D:6      | XOM: potion effect (invisibility)
  4543 | D:6      | Killed Dowan
  4564 | D:6      | Found a glowing silver altar of Zin.
  4922 | D:6      | XOM: give mutation
  4922 | D:6      | Gained mutation: You have large cloven feet. [Xom's grace]
  5007 | D:7      | XOM: god gift: 3 stones
  5011 | D:7      | XOM: divination: detect items
  5168 | D:7      | Reached skill level 9 in Axes
  5168 | D:7      | Reached skill level 5 in Unarmed Combat
  5174 | D:7      | Reached XP level 9. HP: 59/79 MP: 8/8
  5176 | D:7      | XOM: potion effect (haste)
  5225 | D:7      | XOM: 3-stop teleportation journey
  5427 | D:7      | XOM: enchant monster (good)
  5428 | D:7      | XOM: noise
  6010 | D:8      | Found a sacrificial altar of Ru.
  6029 | D:8      | a hornet changed into a broodmother
  6029 | D:8      | Noticed a broodmother
  6029 | D:8      | XOM: polymorph hornet -> broodmother
  6032 | D:8      | Noticed a wolf spider
  6035 | D:8      | Noticed an orb spider
  6035 | D:8      | XOM: summons 1 hostile shadow creature
  6039 | D:8      | XOM: 2-stop teleportation journey
  6092 | D:8      | Noticed Gastronok
  6092 | D:8      | XOM: enchant monster (good)
  6093 | D:8      | XOM: cleaving
  6112 | D:8      | Gastronok changed into Gastronok the golden dragon
  6112 | D:8      | Noticed Gastronok
  6116 | D:8      | Xom revived you
  6118 | D:8      | Slain by Gastronok the golden dragon

Illustrated notes

Levels and vault maps discovered:
D:1:      zelgadis_glass_arrival_small, layout_basic,
          shapermc_ecumenical_altar_hornbeckon
D:2:      layout_basic, serial_curves, eino_curves_04, eino_curves_04,
          eino_curves_01, eino_curves_01, minmay_tetromino_s4, uniq_jessica
D:3:      layout_loops_ring, vehumet_altar_wand_db,
          mainiacjoe_overflow_tiny_flanked, serial_forest,
          infiniplex_forest_straight_3, infiniplex_forest_straight_3,
          infiniplex_forest_end_2, infiniplex_forest_pool,
          infiniplex_forest_clump_diagonal, infiniplex_forest_fountain,
          infiniplex_forest_clump_small
D:4:      layout_basic, temple_fountains, kennysheep_generic_room_4,
          uniq_menkaure
D:5:      layout_basic, tso_altar, nicolae_shop_firing_range
D:6:      layout_loops_ring, mainiacjoe_overflow_brackets, uniq_duvessa
D:7:      layout_loops_ring
D:8:      layout_basic, old_standard_altar, nicolae_overflow_hidden_temple,
          minmay_holes, uniq_grum, uniq_gastronok

Skill      XL: |  1  2  3  4  5  6  7  8 |
---------------+-------------------------+-----
Axes           | 4 5 6 7 9 |  9.6
Unarmed Combat | 1 2 3 4 5 |  5.4
Fighting       | 4 5 6 7 |  7.3
Armour         | 3 4 5 6 |  6.6
Ranged Weapons | 1 2 4 |  4.5
Dodging        | |  1.1

Action                     |  1- 3 |  4- 6 |  7- 9 || total
---------------------------+-------+-------+-------++-------
  Melee: Hand axe          |    66 |   171 |   151 ||   388
         Headbutt          |     6 |    26 |    42 ||    74
         Punch             |       |     8 |     2 ||    10
   Fire: Shortbow          |       |     3 |     7 ||    10
         Hand cannon       |       |       |    33 ||    33
  Throw: Javelin           |       |     1 |       ||     1
    Use: Potion            |       |     3 |       ||     3
   Stab: Paralysed         |       |     1 |     2 ||     3
         Confused          |       |     1 |       ||     1
         Petrified         |       |       |    10 ||    10
 Armour: Leather armour    |    24 |       |       ||    24
         Ring mail         |    13 |    24 |       ||    37
         Scale mail        |       |    58 |   103 ||   161
  Dodge: Dodged            |    41 |    66 |    69 ||   176
  Block: Other             |       |    21 |    34 ||    55
         Reflection        |       |     2 |     1 ||     3

Table legend: (Time is in decaauts)
 A = Elapsed time spent in this place.
 B = Non-inter-level travel time spent in this place.
 C = Inter-level travel time spent in this place.
 D = Time resting spent in this place.
 E = Time spent auto-exploring this place.
 F = Levels seen in this place.
 G = Mean time per level.
                   A        B        C        D        E       F      G
               +--------+--------+--------+--------+--------+-----+--------+
         Total |   6123 |   5887 |    236 |    275 |   4549 |   8 |  765.4 |
       Dungeon |   6123 |   5887 |    236 |    275 |   4549 |   8 |  765.4 |
               +--------+--------+--------+--------+--------+-----+--------+

Top non-repeatable levels by time:
     D:5: 1117 daAuts
     D:7: 1038 daAuts
     D:1: 958 daAuts
     D:6: 885 daAuts
     D:3: 827 daAuts
     D:2: 629 daAuts
     D:4: 551 daAuts
     D:8: 116 daAuts
